 Dungeon Crawl Stone Soup version 0.24-a0-378-g94936e539c (webtiles) character file.

Game seed: 4863959514384289231

10 theanonym the Firebug (level 2, 0/20 HPs)
             Began as a Demigod Fire Elementalist on June 2, 2019.
             Slain by a goblin
             ... wielding a +0 club
              (3 damage)
             ... on level 1 of the Dungeon.
             The game lasted 00:00:57 (330 turns).

theanonym the Firebug (Demigod Fire Elementalist)    Turns: 330, Time: 00:00:57

Health: 0/20       AC:  3    Str: 11    XL:     2   Next: 0%
Magic:  0/7        EV: 12    Int: 19    God:
Gold:   25         SH:  0    Dex: 16    Spells: 4/5 levels left

rFire    . . .     SeeInvis .   l - +0 mace
rCold    . . .     Gourm    .   (no shield)
rNeg     . . .     Faith    .   k - +0 leather armour
rPois    .         Spirit   .   (no helmet)
rElec    .         Reflect  .   (no cloak)
rCorr    .         Harm     .   (no gloves)
MR       .....                  (no boots)
Stlth    ++........             (no amulet)
HPRegen  0.06/turn              (no ring)
MPRegen  0.10/turn              (no ring)

@: very slightly contaminated
A: high mp 1
a: no special abilities


Innate Abilities, Weirdness & Mutations

You have an increased reservoir of magic. (+10% MP)


   Skills:
 - Level 1.7 Dodging
 - Level 1.7 Stealth
 + Level 2.0 Spellcasting
 + Level 1.3 Conjurations
 + Level 2.9 Fire Magic


You had 4 spell levels left.
You knew the following spells:

 Your Spells              Type           Power        Failure   Level  Hunger
a - Flame Tongue          Conj/Fire      ##...        10%         1    #......

Your spell library contained the following spells:

 Spells                   Type           Power        Failure   Level  Hunger
 Throw Flame              Conj/Fire      ##....       14%         2    ###....
 Conjure Flame            Conj/Fire      ##......     28%         3    ###....
 Inner Flame              Hex/Fire       #.......     36%         3    ###....
 Sticky Flame             Conj/Fire      ##......     67%         4    #####..
 Fireball                 Conj/Fire      ##........   95%         5    ######.

Skill      XL: |  1 |
---------------+----+-----
Conjurations   | 1 |  1.3
Spellcasting   | 2 |  2.0
Dodging        | |  1.7
Stealth        | |  1.7
Fire Magic     | |  2.9

Action                   || total
-------------------------++-------
Melee: Mace              ||     4
 Cast: Flame Tongue      ||    18
Armor: Leather armour    ||     2
       Robe              ||     1
Dodge: Dodged            ||     5

Inventory:

Hand Weapons
 l - a +0 mace (weapon)
Armour
 a - a +0 robe
 k - a +0 leather armour (worn)
Jewellery
 c - a cursed ring of attention {unknown}
Scrolls
 b - a scroll of remove curse {unknown}
 f - a scroll of magic mapping {unknown}
 h - a scroll of teleportation {unknown}
 j - a scroll of identify {unknown}
Potions
 d - a potion of flight {unknown}
 g - 2 potions of mutation {unknown}
Comestibles
 e - 2 rations
 i - 2 chunks of flesh


You were on level 1 of the Dungeon.
You were not hungry.

You visited 1 branch of the dungeon, and saw 1 of its levels.

You collected 25 gold pieces.

Dungeon Overview and Level Annotations

Branches:
Dungeon (1/15)

.[..##### ....+....## ....# #..#
....# ##.# #######
....#####.#################...#..
....+..........g@................
.)..#####..#######...#.####.#.#.#
....# ##.## #...#.# #.#...# ....#
###g.# #...#.# #.#...#
..######....## #...#.# #.#####
.......g....$# #...#.# ### #..
)....รท.......# #...#.# #.#
..............# #...#+# #..
..........###.# ..... ###


You could see a goblin.

Notes
Turn   | Place    | Note
-------+----------+-------------------------------------------
     0 | D:1      | theanonym the Demigod Fire Elementalist began the quest for
                  | the Orb.
     0 | D:1      | Reached XP level 1. HP: 14/14 MP: 5/5
   101 | D:1      | Reached skill level 1 in Conjurations
   241 | D:1      | Reached skill level 2 in Spellcasting
   301 | D:1      | HP: 6/14 [hobgoblin (3)]
   311 | D:1      | Reached XP level 2. HP: 6/20 MP: 0/7
   325 | D:1      | HP: 4/20 [goblin/+0 club (3)]
   330 | D:1      | Slain by a goblin

Vanquished Creatures
  A dart slug (D:1)
  A giant cockroach (D:1)
  2 hobgoblins (D:1)
  2 frilled lizards (D:1)
  A goblin (D:1)
  2 kobolds (D:1)
9 creatures vanquished.

Table legend:
 A = Turns spent in this place as a percentage of turns spent in the entire game.
 B = Non-inter-level travel turns spent in this place as a percentage of non-inter-level travel turns spent in the entire game.
 C = Inter-level travel turns spent in this place as a percentage of turns spent in this place.
 D = Turns resting spent in this place as a percentage of non-inter-level travel turns spent in this place.
 E = Turns spent auto-exploring this place as a percentage of non-inter-level travel turns spent in this place.
 F = Non-inter-level travel turns spent in this place divided by the number of levels of this place that you've seen.
                   A       B       C       D       E      F
               +-------+-------+-------+-------+-------+----------------------
         Total | 100.0 | 100.0 |   0.0 |  34.8 |  36.4 | 330.0
       Dungeon | 100.0 | 100.0 |   0.0 |  34.8 |  36.4 | 330.0
               +-------+-------+-------+-------+-------+----------------------
